 Dungeon Crawl Stone Soup version 0.28-a0-984-g3775c662fe (webtiles) character file.

Game seed: 4451315761982960980

53 ryw the Vexing (level 3, -4/32 HPs)
             Began as a Naga Arcane Marksman on Dec 3, 2021.
             Slain by Sigmund (5 damage)
             ... on level 2 of the Dungeon.
             The game lasted 00:03:09 (2317 turns).

ryw the Vexing (Naga Arcane Marksman)               Turns: 2317, Time: 00:03:10

Health: -4/32      AC:  3    Str: 12    XL:     3   Next: 89%
Magic:  4/4        EV: 10    Int: 13    God:
Gold:   100        SH:  0    Dex: 13    Spells: 3/4 levels left

rFire   . . .      SeeInvis +   b - +0 shortbow
rCold   . . .      Faith    .   (shield currently unavailable)
rNeg    . . .      Spirit   .   d - +0 robe
rPois   +          Reflect  .   j - +0 helmet
rElec   .          Harm     .   (no cloak)
rCorr   .          Rampage  .   (no gloves)
Will    .....                   (no barding)
Stlth   +.........              (no amulet)
HPRegen 0.10/turn               (no ring)
MPRegen 0.09/turn               (no ring)

@: confused, very slow
A: AC +1, large, see invisible, deformed body, poison resistance, slowness 2,
spit poison 1, naga tail 1
a: Spit Poison


You were on level 2 of the Dungeon.
You visited 1 branch of the dungeon, and saw 2 of its levels.

You collected 100 gold pieces.

Inventory:

Hand Weapons
 a - a +2 dagger of speed
 b - a +0 shortbow (weapon)
Missiles
 c - 12 arrows (quivered ammo)
Armour
 d - a +0 robe (worn)
 j - a +0 helmet (worn)
Scrolls
 g - 3 scrolls of identify {unknown}


   Skills:
 + Level 1.9 Fighting
 * Level 2.9 Bows
 + Level 2.1 Dodging
 - Level 1.0 Spellcasting
 - Level 3.0 Hexes


You had 3 spell levels left.
You knew the following spells:

 Your Spells              Type           Power      Damage    Failure   Level
a - Slow                  Hex            32%        N/A       9%          1

Your spell library contained the following spells:

 Spells                   Type           Power      Damage    Failure   Level
 Inner Flame              Hex/Fire       4%         N/A       41%         3
 Portal Projectile        Hex/Tloc       8%         N/A       41%         3
 Cause Fear               Hex            4%         N/A       63%         4


Dungeon Overview and Level Annotations

Branches:
Dungeon (2/15)

Altars:

Annotations:
D:2 Sigmund


Innate Abilities, Weirdness & Mutations

Your serpentine skin is tough. (AC +1)
You have supernaturally acute eyesight. (SInv)
Armour fits poorly on your strangely shaped body.
Your system is resistant to poisons. (rPois)
You cover ground very slowly.
You can spit poison.
You have a snake-like lower body.


Message History

You shoot an arrow. The arrow hits Sigmund.
Sigmund is lightly wounded.
You shoot an arrow. The arrow completely misses Sigmund.
Sigmund hits you from afar with a +0 scythe of pain!
You are too injured to fight recklessly!
You are too injured to fight recklessly!
You are too injured to fight recklessly!
You are too injured to fight recklessly!
You are too injured to fight recklessly!
You are too injured to fight recklessly!
You are too injured to fight recklessly!
Fire: 16 arrows
Press: ? - help, Q - select action, (/) - cycle Shift-Dir - straight line, f/p - Sigmund
Aim: Sigmund, wielding a +0 scythe of pain and wearing a +0 robe (lightly wounded, 53% to hit)
You shoot an arrow. The arrow barely misses Sigmund.
Sigmund hits you from afar with a +0 scythe of pain!
* * * LOW HITPOINT WARNING * * *
Fire: 15 arrows
Press: ? - help, Q - select action, (/) - cycle Shift-Dir - straight line, f/p - Sigmund
Aim: Sigmund, wielding a +0 scythe of pain and wearing a +0 robe (lightly wounded, 53% to hit)
You shoot an arrow. The arrow completely misses Sigmund.
Sigmund points at you and mumbles some strange words.
You are confused.
Non-targeted confused fire: 14 arrows
Press: ? - help, Q - select action, (/) - cycle Dir - look around, f - activate You shoot an arrow.
Sigmund hits you from afar with a +0 scythe of pain.
* * * LOW HITPOINT WARNING * * *
You writhe in agony.
* * * LOW HITPOINT WARNING * * *
Unknown command.
You are too confused!
Unknown command.
You bump into the rock wall.
Unknown command.
Non-targeted confused fire: 13 arrows
Press: ? - help, Q - select action, (/) - cycle Dir - look around, f - activate You shoot an arrow.
Sigmund hits you from afar with a +0 scythe of pain.
You die...

##...####.........####...####
##.## ##.......####.#.## #.#
##.....## #....# #.# ##[..##
##.### ####.# ##+## #.#
#....# .# #.# #.#### @# #.#
#)# ##(## #.# #.# ##@..## #.#
#)# ####.....# #.# #.#
#.......## #.#
#.#######.##.(......
#.........##########
###########


You could see Sigmund.

Vanquished Creatures
  An adder (D:2)
  2 dart slugs (D:1)
  3 endoplasms (D:1)
  2 giant cockroaches
  6 goblins
  4 hobgoblins (D:1)
  4 kobolds
  5 ball pythons
  6 bats
  3 frilled lizards (D:1)
  A rat (D:1)
  A spectral kobold (D:1)
38 creatures vanquished.

Notes
Turn   | Place    | Note
-------+----------+-------------------------------------------
     0 | D:1      | ryw the Naga Arcane Marksman began the quest for the Orb.
     0 | D:1      | Reached XP level 1. HP: 18/18 MP: 2/2
    97 | D:1      | Found a faded altar of an unknown god.
   224 | D:1      | Reached XP level 2. HP: 14/23 MP: 3/3
  1012 | D:1      | Reached XP level 3. HP: 31/31 MP: 4/4
  2307 | D:2      | Noticed Sigmund
  2315 | D:2      | HP: 1/32 [Sigmund (1)]
  2317 | D:2      | Slain by Sigmund

Illustrated notes

Levels and vault maps discovered:
D:1:      lemuel_arrival_behind_the_door_large, layout_rooms,
          dreamdust_ecumenical_altar_drowned_temple
D:2:      layout_loops_corners, hangedman_abyss_or_decor_stabs, uniq_sigmund

Skill      XL: |  1  2  3 |
---------------+----------+-----
Bows           | 2 |  2.9
Dodging        | 2 |  2.1
Fighting       | |  1.9
Spellcasting   | |  1.0
Hexes          | |  3.0

Action                   || total
-------------------------++-------
Melee: Short sword       ||    39
       Dagger            ||    96
 Fire: Shortbow          ||    14
  Use: Scroll            ||     3
 Stab: Sleeping          ||     1
Armor: Robe              ||    28
Dodge: Dodged            ||    82

Table legend: (Time is in decaauts)
 A = Elapsed time spent in this place.
 B = Non-inter-level travel time spent in this place.
 C = Inter-level travel time spent in this place.
 D = Time resting spent in this place.
 E = Time spent auto-exploring this place.
 F = Levels seen in this place.
 G = Mean time per level.
                   A        B        C        D        E       F      G
               +--------+--------+--------+--------+--------+-----+--------+
         Total |   2708 |   2704 |      4 |     60 |   2275 |   2 | 1354.0 |
       Dungeon |   2708 |   2704 |      4 |     60 |   2275 |   2 | 1354.0 |
               +--------+--------+--------+--------+--------+-----+--------+

Top non-repeatable levels by time:
     D:1: 1802 daAuts
     D:2: 905 daAuts
